 Dungeon Crawl Stone Soup version 0.29-a0-577-gafbf2c5d25 (webtiles) character file.

Game seed: 14934152057906241309

299 beeps the Slasher (level 6, -1/52 HPs)
             Began as a Meteoran Wanderer on June 13, 2022.
             Was a Follower of Okawaru.
             Succumbed to a killer bee's poison
             ... on level 6 of the Dungeon.
             The game lasted 00:12:58 (2942 turns).

beeps the Slasher (Meteoran Wanderer)               Turns: 2942, Time: 00:12:59

Health: -1/52      AC:  3    Str: 14    XL:     6   Next: 96%
Magic:  9/9        EV: 13    Int: 22    God:    Okawaru [*.....]
Gold:   39         SH:  0    Dex: 13    Spells: 4/7 levels left

rFire   . . .      SeeInvis .   C - +1 whip (elec)
rCold   + + .      Faith    .   (no shield)
rNeg    . . .      Spirit   .   n - +1 robe {Will+}
rPois   .          Reflect  .   (no helmet)
rElec   .          Harm     .   (no cloak)
rCorr   .          Rampage  .   (no gloves)
Will    +....                   (no boots)
Stlth   +.........              (no amulet)
HPRegen 0.17/turn               x - ring of protection from cold
MPRegen 0.11/turn               D - +6 ring of intelligence

@: lethally poisoned (-1 -> -15), glowing, invisible (but backlit and visible)
A: sense surroundings 1, otherworldly, glowing, explore regen, hooves 1, cold
resistance 1
a: Renounce Religion, Heroism


You were on level 6 of the Dungeon.
You worshipped Okawaru.
Okawaru was aware of your devotion.
You visited 1 branch of the dungeon, and saw 6 of its levels.

You collected 197 gold pieces.
You spent 158 gold pieces at shops.

Inventory:

Hand Weapons
 a - a +2 falchion
 c - a +0 dagger
 d - a +1 short sword of protection
 j - a +0 hunting sling
 C - a +1 whip of electrocution (weapon)
Missiles
 b - 30 poisoned darts
 f - 134 stones (quivered)
Armour
 e - a +0 robe
 n - a +1 robe of willpower (worn)
 y - a +0 kite shield
Jewellery
 x - a ring of protection from cold (left hand)
 D - a +6 ring of intelligence (right hand)
Scrolls
 g - 2 scrolls of teleportation {unknown}
 i - a scroll of vulnerability {unknown}
 m - 2 scrolls of fog {unknown}
 o - 2 scrolls of immolation {unknown}
 p - a scroll of poison {unknown}
 q - 2 scrolls of blinking {unknown}
 t - a scroll of amnesia {unknown}
 v - 2 scrolls of identify {unknown}
 z - a scroll of silence {unknown}
 B - a scroll of summoning {unknown}
 E - a scroll of magic mapping {unknown}
Potions
 h - a potion of cancellation {unknown}
 k - a potion of invisibility
 l - a potion of mutation
 r - a potion of haste {unknown}
 s - a potion of heal wounds {unknown}
 u - a potion of brilliance {unknown}
 w - 2 potions of magic {unknown}
 A - 2 potions of flight {unknown}
 F - 2 potions of attraction {unknown}


   Skills:
 + Level 3.9 Fighting
 - Level 5.3 Long Blades
 + Level 1.7 Maces & Flails
 - Level 2.4 Throwing
 + Level 4.0 Dodging
 - Level 1.0 Stealth
 - Level 1.3 Spellcasting
 - Level 2.4 Translocations


You had 4 spell levels left.
You knew the following spells:

 Your Spells              Type           Power      Damage    Failure   Level
a - Apportation           Tloc           24%        N/A       5%          1
b - Blink                 Tloc           24%        N/A       9%          2

Your spell library contained the following spells:

 Spells                   Type           Power      Damage    Failure   Level
 Beastly Appendage        Tmut           2%         N/A       14%         1
 Lesser Beckoning         Tloc           12%        N/A       16%         3
 Teleport Other           Tloc           12%        N/A       16%         3
 Petrify                  Tmut/Erth      1%         N/A       82%         4
 Manifold Assault         Tloc           12%        N/A       83%         5
 Yara's Violent Unravell  Hex/Tmut       0%         3d3       99%         5
 Dragon Form              Tmut           0%         N/A       100%        7


Dungeon Overview and Level Annotations

Branches:
Dungeon (6/15)
 Temple: D:4-7

Altars:
Gozag
Okawaru

Shops:
D:4 *


Innate Abilities, Weirdness & Mutations

You passively map a small area around you.
You are easily found by Zot.
You glow in the dark.
You regain HP and MP as you explore.
You have large cloven feet.
Your flesh is cold resistant. (rC+)


Message History

The killer bee poisons you!
You hit the killer bee.
The killer bee is moderately wounded.
You feel sick. The killer bee misses you.
The killer bee stings you but does no damage.
You are too injured to fight recklessly!
You are too injured to fight recklessly!
You are too injured to fight recklessly!
Okay, then.
Unknown command.
You hit the killer bee but do no damage.
The killer bee is moderately wounded.
You feel sick. The killer bee misses you. The killer bee stings you.
You are more poisoned.
The killer bee poisons you!
You miss the killer bee.
The killer bee is moderately wounded.
You feel sick.
You barely miss the killer bee.
You feel sick. The killer bee stings you.
You are more poisoned.
The killer bee poisons you! The killer bee stings you.
* * * LOW HITPOINT WARNING * * *
You are more poisoned.
The killer bee poisons you!
You closely miss the killer bee.
* * * LOW HITPOINT WARNING * * *
You feel very sick. The killer bee stings you.
* * * LOW HITPOINT WARNING * * *
The killer bee closely misses you.
It was a potion of invisibility.
You become transparent, but the glow from your body prevents you from becoming completely invisible.
* * * LOW HITPOINT WARNING * * *
You feel very sick.
The killer bee stings you but does no damage.
A jelly comes into view.
The killer bee misses you.
It was a potion of mutation.
You feel extremely strange.
Your feet thicken and deform.
You feel resistant to cold.
You die...

#.(...#.# .##.
#.....#....... #
#....J..#..<.. ,
#.##............. ,
#.......##.#.....,
##.##.............*
* *
......yy..).......
##.####y##..#.....
, * #@##..#..... ,,
* #..<......... ,
*, ###...#......
#.....#..##
#..........
*#.........#
*,..#.#.#..## ,
!.........#
..........#


You could see a jelly (wandering) and 3 killer bees.

Vanquished Creatures
  A killer bee (D:6)
  2 hounds
  An iguana (D:4)
  4 adders
  A shadow imp (D:6)
  2 ufetubi (D:5)
  5 worms
  3 dart slugs
  4 orcs
  4 bats
  9 endoplasms
  6 giant cockroaches
  6 goblins
  10 hobgoblins
  7 jackals
  2 quokkas (D:3)
  9 ball pythons
  4 frilled lizards
  4 kobolds
  4 rats
88 creatures vanquished.

Notes
Turn   | Place    | Note
-------+----------+-------------------------------------------
     0 | D:1      | beeps the Meteoran Wanderer began the quest for the Orb.
     0 | D:1      | beeps set off with the following items: a +2 falchion, 14
                  | poisoned darts, a +0 dagger, a scroll of fear, a +0 robe;
                  | and the following spell memorised: Apportation; and the
                  | following spells available to memorise: Teleport Other
     0 | D:1      | Reached XP level 1. HP: 16/16 MP: 3/3
   117 | D:1      | Reached XP level 2. HP: 23/23 MP: 5/5
   147 | D:1      | Reached skill level 1 in Dodging
   153 | D:1      | Reached skill level 4 in Long Blades
   188 | D:1      | Reached XP level 3. HP: 11/29 MP: 6/6
   477 | D:2      | Reached XP level 4. HP: 13/36 MP: 7/7
   762 | D:2      | Learned a level 2 spell: Blink
  1038 | D:3      | Reached XP level 5. HP: 42/42 MP: 8/8
  1375 | D:3      | Found a faded altar of an unknown god.
  1391 | D:3      | Got the Papyrus of Changing
  1393 | D:3      | Prayed at the altar of an unknown god.
  1393 | D:3      | Became a worshipper of Warmaster Okawaru
  1393 | D:3      | Reached * piety under Okawaru
  1625 | D:3      | Reached skill level 5 in Long Blades
  1762 | D:4      | Reached XP level 6. HP: 15/51 MP: 9/9
  2013 | D:4      | Found Tuzocedy's General Store.
  2032 | D:4      | Bought a +1 whip of electrocution for 158 gold pieces
  2050 | D:4      | Found an opulent altar of Gozag.
  2205 | D:5      | Entered Level 5 of the Dungeon
  2321 | D:5      | Noticed a water moccasin
  2859 | D:5      | Reached skill level 1 in Maces & Flails
  2882 | D:5      | Glimpsed the power of Zot.
  2941 | D:6      | HP: 2/52 [poisoned by a killer bee]
  2942 | D:6      | Gained mutation: You have large cloven feet. [potion of
                  | mutation]
  2942 | D:6      | Gained mutation: Your flesh is cold resistant. (rC+)
                  | [potion of mutation]
  2942 | D:6      | Succumbed to a killer bee's poison

Illustrated notes

Levels and vault maps discovered:
D:1:      sevenhm_arrival_forest_fort_large_1, layout_loops_ring
D:2:      layout_rooms, eino_tiny_chamber
D:3:      minmay_evil_eye, layout_basic, shapermc_ecumenical_altar_mp_highgroup
D:4:      layout_loops_ring, grunt_gozag_breadcrumbs, minmay_misc_feat_columns,
          nicolae_stop_n_shop_1
D:5:      layout_basic, corexii_checkpoint_a, item_on_display_a
D:6:      layout_basic, amethyst_overflow_temple_binary, temple_hall,
          serial_shops, nicolae_lakefront_shop, chequers_serial_rivers_small_b,
          kennysheep_generic_room_2, uniq_pikel

Skill      XL: |  1  2  3  4  5  6 |
---------------+-------------------+-----
Dodging        | 1 2 3 4 |  4.0
Long Blades    | 4 5 |  5.3
Fighting       | 2 3 |  3.9
Maces & Flails | 1 |  1.7
Throwing       | |  2.4
Stealth        | |  1.0
Spellcasting   | |  1.3
Translocations | |  2.4

Action                   |  1- 3 |  4- 6 || total
-------------------------+-------+-------++-------
Melee: Falchion          |    78 |   203 ||   281
       Punch             |       |     1 ||     1
       Whip              |       |    21 ||    21
Throw: Stone             |     9 |     9 ||    18
  Use: Potion            |       |     2 ||     2
       Scroll            |       |     1 ||     1
Armor: Robe              |    11 |    58 ||    69
Dodge: Dodged            |    38 |   124 ||   162

Table legend: (Time is in decaauts)
 A = Elapsed time spent in this place.
 B = Non-inter-level travel time spent in this place.
 C = Inter-level travel time spent in this place.
 D = Time resting spent in this place.
 E = Time spent auto-exploring this place.
 F = Levels seen in this place.
 G = Mean time per level.
                   A        B        C        D        E       F      G
               +--------+--------+--------+--------+--------+-----+--------+
         Total |   2959 |   2807 |    152 |    304 |   1338 |   6 |  493.2 |
       Dungeon |   2959 |   2807 |    152 |    304 |   1338 |   6 |  493.2 |
               +--------+--------+--------+--------+--------+-----+--------+

Top non-repeatable levels by time:
     D:4: 764 daAuts
     D:3: 719 daAuts
     D:5: 498 daAuts
     D:2: 492 daAuts
     D:1: 445 daAuts
     D:6: 40 daAuts
